 Dungeon Crawl Stone Soup version 0.32-a0-900-g30fb1b0edc (webtiles) character file.

Game seed: 16248718288041556327

1831 Gonzollydolly the Arsonist (level 8, -12/57 HPs)
             Began as a Mountain Dwarf Fire Elementalist on Apr 5, 2024.
             Was a Follower of Sif Muna.
             Killed from afar by an acid dragon (32 damage)
             ... with a splash of acid
             ... on level 6 of the Dungeon.
             The game lasted 00:18:36 (6605 turns).

Gonzollydolly the Arsonist (MDFE)                   Turns: 6605, Time: 00:18:38

Health: -12/57     AC:  8    Str: 11    XL:     8   Next: 86%
Magic:  10/15      EV:  9    Int: 18    God:    Sif Muna [*.....]
Gold:   331        SH:  4    Dex: 10    Spells: 14/17 levels left

rFire   + . .        h - +1 dagger (elec)
rCold   x . .        (no shield)
rNeg    + . .        w - +0 ring mail
rPois   .            (helmet restricted)
rElec   .            E - +1 cloak
rCorr   .            (no gloves)
SInv    .            C - +0 pair of boots
Will    .....        (no amulet)
Stlth   +            l - ring of fire
HPRegen 0.29/turn    A - ring of positive energy
MPRegen 0.14/turn

%: no passive effects
@: no status effects
A: runic magic, artefact enchanting, antennae 1, large bone plates 1,
teleportitis 1
a: Renounce Religion, Channel Magic


You were on level 6 of the Dungeon.
You worshipped Sif Muna.
Sif Muna was aware of your devotion.
You visited 2 branches of the dungeon, and saw 7 of its levels.

You collected 331 gold pieces.

Inventory:

Hand Weapons
 e - a +0 short sword
 f - a +0 hand axe
 h - a +1 dagger of electrocution (weapon)
 m - a +0 war axe
 t - a +3 dagger of holy wrath
Missiles
 c - 64 stones
 g - 5 curare-tipped darts
 x - 8 poisoned darts
Armour
 a - a +0 robe
 d - an orb of energy
 u - a +0 leather armour
 w - a +0 ring mail (worn)
 z - a +0 scale mail
 C - a +0 pair of boots (worn)
 E - a +1 cloak (worn)
Magical Staves
 i - a staff of alchemy
 n - a staff of cold
 o - a staff of fire
 F - a staff of conjuration
Jewellery
 l - a ring of fire (left hand)
 A - a ring of positive energy (right hand)
Scrolls
 b - a scroll of fog
 j - a scroll of teleportation
 k - a scroll of fear {unknown}
 p - a scroll of enchant armour
 q - a scroll of enchant weapon {unknown}
 y - a scroll of summoning {unknown}
 B - a scroll of amnesia {unknown}
Potions
 r - 2 potions of lignification


   Skills:
 - Level 1.3 Dodging
 - Level 1.4 Stealth
 - Level 5.3 Spellcasting
 + Level 6.0 Conjurations
 + Level 8.7 Fire Magic
 + Level 3.5 Invocations


You had 14 spell levels left.
You knew the following spells:

 Your Spells              Type           Power      Damage    Failure   Level
a - Foxfire               Conj/Fire      100%       2x1d9     1%          1
b - Scorch                Fire           100%       2d9       1%          2

Your spell library contained the following spells:

 Spells                   Type           Power      Damage    Failure   Level
 Magic Dart               Conj           100%       1d8       1%          1
 Inner Flame              Hex/Fire       30%        N/A       8%          3
 Volatile Blastmotes      Fire/Tloc      60%        2d15      8%          3
 Flame Wave               Conj/Fire      47%        2d12      8%          4
 Blink                    Tloc           8%         N/A       24%         2
 Call Imp                 Summ           8%         N/A       24%         2
 Cigotuvi's Dreadful Rot  Necr/Alch/Air  8%         N/A       24%         2
 Ignite Poison            Fire/Alch      30%        N/A       26%         4
 Summon Ice Beast         Ice/Summ       4%         N/A       43%         3
 Teleport Other           Tloc           4%         N/A       43%         3
 Freezing Cloud           Conj/Ice/Air   6%         6-21      88%         5
 Summon Mana Viper        Hex/Summ       4%         N/A       99%         5
 Dispersal                Tloc           2%         N/A       100%        6
 Gell's Gavotte           Tloc           2%         2d(12-18) 100%        6
 Monstrous Menagerie      Summ           2%         N/A       100%        7


Dungeon Overview and Level Annotations

Branches:
Dungeon (6/15) Zot: 26852  Temple (1/1) D:4 Zot: 5955

Altars:
Cheibriados
Dithmenos
Elyvilon
Gozag
Hepliaklqana
Kikubaaqudgha
Makhleb
Nemelex Xobeh
Okawaru
Qazlal
Ru
Sif Muna
Trog
Uskayaw
Vehumet
Wu Jian
Xom
Yredelemnul
Zin
The Shining One


Innate Abilities, Weirdness & Mutations

Your spellcasting is much less encumbered by armour.
You can use scrolls of enchantment on lesser artefacts.
You have a pair of small antennae on your head.
You are partially covered in large bone plates. (SH +4)
You are occasionally teleported next to monsters.


Message History

The foxfire hits the orc!
You kill the orc!
Sif Muna accepts your kill.
You start resting.
Your foxfire dissipates!
You start resting.
Magic restored.
Things that are here:
a +0 dagger; a +0 robe
q - a scroll labelled VUULES HUAN An acid dragon comes into view.
Found 14 gold pieces.
The acid dragon roars!
The acid dragon spits acid at you. The splash of acid hits you!
You hear a croak.
Casting: Foxfire (safe; 1% risk of failure)
Confirm with . or Enter, or press ? or * to list all spells.
You feel a surge of power!
Flames lash the acid dragon.
The acid dragon is lightly wounded.
The acid dragon's fire resistance burns away.
The acid dragon spits acid at you. The splash of acid hits you!!
Something shouts, "Away with thee, thou craven full-gorged wagtail!"
Casting: Scorch (safe; 1% risk of failure)
Confirm with . or Enter, or press ? or * to list all spells.
You feel a surge of power!
You conjure some foxfire!
Casting: Foxfire (safe; 1% risk of failure)
Confirm with . or Enter, or press ? or * to list all spells.
You feel a surge of power!
Flames lash the acid dragon.
The acid dragon is burned terribly!
The acid dragon is heavily wounded.
The foxfire hits the acid dragon!
The acid dragon is burned terribly!
The acid dragon is severely wounded.
The foxfire hits the acid dragon.
The acid dragon is burned terribly!
The acid dragon is almost dead.
The acid dragon spits acid at you. The splash of acid hits you!!
Ouch! That really hurt!
You die...

.. ### #. #.. ..#
#. #.. #.# #D ###
#..# #.# .. ..#
#..####.###### #$
#.###.....<.......
#.
#.##.....##.######
#.##§###....##.#
#.D.@.....#.##.#
####§###...)...#
#....)...####
######)### #)# #)#
#.# #.# ..#


You could see an acid dragon (catching breath, combustible).

Vanquished Creatures
  Sigmund (D:5)
  A black bear (D:5)
  An ice beast (D:5)
  A centaur (D:5)
  3 phantoms
  A kobold brigand (D:4)
  A gnoll sergeant (D:5)
  4 scorpions
  A jelly (D:5)
  5 hounds
  A sleepcap (D:5)
  3 bombardier beetles
  2 orc priests
  Natasha (thrice) (D:4)
  4 iguanas
  An orc wizard (D:6)
  6 gnolls (D:5)
  7 adders
  A shadow imp (D:5)
  4 ufetubi (D:5)
  3 dart slugs
  12 orcs
  7 ball pythons
  5 bats
  2 endoplasms (D:4)
  4 giant cockroaches
  4 hobgoblins
  4 jackals (D:2)
  5 quokkas
  4 frilled lizards
  5 goblins
  11 kobolds
  4 rats
121 creatures vanquished.

Vanquished Creatures (others)
  289 foxfires
289 creatures vanquished.

Grand Total: 410 creatures vanquished

Notes
Turn   | Place    | Note
-------+----------+-------------------------------------------
     0 | D:1      | Gonzollydolly the Mountain Dwarf Fire Elementalist began
                  | the quest for the Orb.
     0 | D:1      | Reached XP level 1. HP: 14/14 MP: 3/3
    71 | D:1      | Reached skill level 1 in Conjurations
   395 | D:1      | Reached XP level 2. HP: 16/20 MP: 1/5
   470 | D:1      | Reached skill level 4 in Fire Magic
   759 | D:1      | Learned a level 2 spell: Scorch
  1030 | D:2      | Reached XP level 3. HP: 26/26 MP: 4/6
  2372 | D:3      | Reached XP level 4. HP: 33/33 MP: 5/7
  2950 | D:3      | Reached skill level 5 in Fire Magic
  2950 | D:3      | Reached XP level 5. HP: 36/38 MP: 4/9
  3207 | D:4      | Reached XP level 6. HP: 32/45 MP: 1/11
  3317 | D:4      | Found a staircase to the Ecumenical Temple.
  3333 | Temple   | Entered the Ecumenical Temple
  3355 | Temple   | Became a worshipper of Sif Muna the Loreminder
  4065 | D:4      | Reached skill level 6 in Fire Magic
  4155 | D:4      | Noticed Natasha
  4158 | D:4      | Killed Natasha
  4228 | D:4      | Reached XP level 7. HP: 50/50 MP: 7/13
  4395 | D:4      | Noticed Natasha
  4402 | D:4      | Killed Natasha
  4752 | D:5      | Entered Level 5 of the Dungeon
  4800 | D:4      | Noticed Natasha
  4807 | D:4      | Killed Natasha
  4941 | D:5      | Noticed Sigmund
  4954 | D:5      | Killed Sigmund
  4955 | D:5      | Reached skill level 7 in Fire Magic
  5092 | D:5      | Reached XP level 8. HP: 18/57 MP: 3/15
  5094 | D:5      | Reached skill level 5 in Spellcasting
  5094 | D:5      | Reached skill level 5 in Conjurations
  5095 | D:5      | Gained mutation: You are partially covered in large bone
                  | plates. (SH +4) [potion of mutation]
  5095 | D:5      | Gained mutation: You are occasionally teleported next to
                  | monsters. [potion of mutation]
  5095 | D:5      | Gained mutation: You have a pair of small antennae on your
                  | head. [potion of mutation]
  5104 | D:5      | Reached * piety under Sif Muna
  5430 | D:5      | Reached skill level 8 in Fire Magic
  5448 | D:5      | Reached skill level 1 in Invocations
  6605 | D:6      | Killed from afar by an acid dragon

Illustrated notes

Levels and vault maps discovered:
D:1:      lemuel_arrival_cross, layout_loops_ring, minivault_14
D:2:      layout_basic, nrook_mini_vaults
D:3:      layout_basic
D:4:      layout_layer_cave, minmay_temple_entry_offerings, uniq_natasha
D:5:      minmay_opposing_rooms, layout_rooms, uniq_sigmund
D:6:      minmay_chambers_of_fours, layout_loops_corners, uniq_duvessa,
          uniq_menkaure
Temple:   nicolae_temple_bog_church

Skill      XL: |  1  2  3  4  5  6  7  8 |
---------------+-------------------------+-----
Conjurations   | 1 2 3 4 6 |  6.0
Spellcasting   | 2 3 4 5 |  5.3
Fire Magic     | 4 5 6 7 8 |  8.7
Invocations    | 3 |  3.5
Dodging        | |  1.3
Stealth        | |  1.4

Action                     |  1- 3 |  4- 6 |  7- 9 || total
---------------------------+-------+-------+-------++-------
  Melee: Short sword       |     6 |       |       ||     6
         Dagger            |    17 |    14 |    31 ||    62
  Throw: Dart              |       |     3 |     3 ||     6
   Cast: Foxfire           |    63 |    40 |    62 ||   165
         Scorch            |       |    15 |    43 ||    58
    Use: Potion            |       |       |     8 ||     8
         Scroll            |       |       |     4 ||     4
 Armour: Robe              |    21 |       |       ||    21
         Ring mail         |       |    18 |    78 ||    96
  Dodge: Dodged            |    12 |    10 |    40 ||    62
  Block: Other             |       |       |     6 ||     6

Table legend: (Time is in decaauts)
 A = Elapsed time spent in this place.
 B = Non-inter-level travel time spent in this place.
 C = Inter-level travel time spent in this place.
 D = Time resting spent in this place.
 E = Time spent auto-exploring this place.
 F = Levels seen in this place.
 G = Mean time per level.
                   A        B        C        D        E       F      G
               +--------+--------+--------+--------+--------+-----+--------+
         Total |   6604 |   6421 |    183 |   2162 |   3298 |   7 |  943.4 |
       Dungeon |   6559 |   6412 |    147 |   2162 |   3298 |   6 | 1093.2 |
        Temple |     44 |      8 |     36 |      0 |      0 |   1 |   44.0 |
               +--------+--------+--------+--------+--------+-----+--------+

Top non-repeatable levels by time:
     D:4: 1849 daAuts
     D:5: 1638 daAuts
     D:2: 1093 daAuts
     D:1: 1002 daAuts
     D:3: 888 daAuts
     D:6: 86 daAuts
  Temple: 44 daAuts
